 Dungeon Crawl Stone Soup version 0.29-a0-789-g7a8fcbc185 (webtiles) character file.

Game seed: 8671215854514426468

71876 avis the Marksdemigod (level 14, -2/181 HPs)
             Began as a Demigod Ice Elementalist on July 1, 2022.
             Slain by a spriggan druid
             ... wielding a +0 quarterstaff
              (5 damage)
             ... on level 1 of the Swamp on July 3, 2022.
             The game lasted 03:41:48 (32238 turns).

avis the Marksdemigod (Demigod Ice Elementalist)   Turns: 32238, Time: 03:41:49

Health: -2/181     AC: 40    Str:  9    XL:     14   Next: 56%
Magic:  27/27      EV:  2    Int: 17    God:
Gold:   2334       SH:  0    Dex: 30    Spells: 16/25 levels left

rFire   x . .      SeeInvis +   a - +4 arbalest (flame)
rCold   + . .      Faith    .   (shield currently unavailable)
rNeg    . . .      Spirit   .   (body armour currently unavailable)
rPois   +          Reflect  .   (helmet currently unavailable)
rElec   .          Harm     .   (cloak currently unavailable)
rCorr   .          Rampage  .   (gloves currently unavailable)
Will    +....      NoTele   +   (boots currently unavailable)
Stlth   +++.......              V - amulet of regeneration
HPRegen 1.20/turn               I - +4 ring of protection
MPRegen 0.20/turn               e - ring of Jilahik {Ice SInv}

@: lethally poisoned (-2 -> -42), ice-armoured, tree-form
A: stationary, stasis, torment immunity, boosted hp, high MP 1, forlorn, divine
attributes
a: no special abilities


You were on level 1 of the Swamp.
You were a tree.
You visited 6 branches of the dungeon, and saw 22 of its levels.
You also visited: Ossuary, Ice Cave and Volcano.

You collected 3260 gold pieces.
You spent 926 gold pieces at shops.

Inventory:

Hand Weapons
 a - a +4 arbalest of flaming (weapon)
 b - a +3 longbow of freezing
 c - a +0 vorpal quarterstaff
 w - a +0 triple sword of electrocution
Armour
 g - a +1 robe of willpower
 m - a +0 helmet (melded)
 p - a +2 cloak (melded)
 N - a +2 pair of boots (melded)
 P - a +1 pair of gloves (melded)
 S - +5 steam dragon scales (melded)
Jewellery
 e - the ring of Jilahik (right branch) {Ice SInv}
   (You bought it in a shop on level 12 of the Dungeon)

   [ring of ice]

   It enhances your ice magic.
   rF:        It makes you vulnerable to fire.
   rC:        It protects you from cold.
   SInv:      It lets you see invisible.
 I - a +4 ring of protection (left branch)
 V - an amulet of regeneration (around neck)
Wands
 r - a wand of charming (33)
 s - a wand of flame (45)
 K - a wand of polymorph (3)
Scrolls
 f - a scroll of enchant armour
 v - 6 scrolls of teleportation
 D - a scroll of magic mapping
 R - 2 scrolls of summoning
 T - 2 scrolls of blinking
Potions
 d - 2 potions of flight
 l - 4 potions of magic
 o - a potion of haste
 u - 4 potions of might
 z - 2 potions of invisibility
 A - 2 potions of brilliance
 B - a potion of cancellation


   Skills:
 - Level 10.0 Fighting
 * Level 19.6 Ranged Weapons
 - Level 3.0 Dodging
 - Level 3.0 Stealth
 - Level 6.0 Spellcasting
 - Level 3.0 Translocations
 + Level 8.4 Ice Magic


You had 16 spell levels left.
You knew the following spells:

 Your Spells              Type           Power      Damage    Failure   Level
a - Freeze                Ice            100%       1d11      1%          1
b - Blink                 Tloc           30%        N/A       5%          2
o - Ozocubu's Armour      Ice            50%        N/A       1%          3
r - Frozen Ramparts       Ice            100%       1d12      1%          3

Your spell library contained the following spells:

 Spells                   Type           Power      Damage    Failure   Level
 Apportation              Tloc           30%        N/A       3%          1
 Gell's Gravitas          Tloc           15%        N/A       11%         3
 Lesser Beckoning         Tloc           15%        N/A       11%         3
 Teleport Other           Tloc           15%        N/A       11%         3
 Magic Dart               Conj           20%        1d4       13%         1
 Sting                    Tmut/Pois      20%        1d4       13%         1
 Summon Small Mammal      Summ           20%        N/A       13%         1
 Call Imp                 Summ           5%         N/A       19%         2
 Poisonous Vapours        Pois/Air       10%        N/A       19%         2
 Scorch                   Fire           10%        2d6       19%         2
 Portal Projectile        Hex/Tloc       20%        N/A       21%         3
 Hailstorm                Conj/Ice       29%        3d8       22%         4
 Call Canine Familiar     Summ           5%         N/A       36%         3
 Mephitic Cloud           Conj/Pois/Air  5%         N/A       36%         3
 Summon Guardian Golem    Hex/Summ       5%         N/A       36%         3
 Tukima's Dance           Hex            5%         N/A       36%         3
 Manifold Assault         Tloc           15%        N/A       71%         5
 Freezing Cloud           Conj/Ice/Air   11%        6-21      75%         5
 Corpse Rot               Necr/Pois/Air  5%         N/A       77%         4
 Flame Wave               Conj/Fire      5%         2d5       77%         4
 Olgreb's Toxic Radiance  Pois           5%         N/A       77%         4
 Alistair's Intoxication  Tmut/Pois      3%         N/A       98%         5
 Blade Hands              Tmut           2%         N/A       98%         5
 Simulacrum               Ice/Necr       14%        N/A       98%         6
 Conjure Ball Lightning   Conj/Air       2%         3x3d6     100%        6
 Summon Cactus Giant      Summ           2%         N/A       100%        6
 Storm Form               Tmut/Air       2%         N/A       100%        7
 Discord                  Hex            2%         N/A       100%        8
 Disjunction              Tloc           7%         N/A       100%        8
 Polar Vortex             Ice            25%        N/A       100%        9


Dungeon Overview and Level Annotations

Branches:
Dungeon (12/15)            Temple (1/1) D:4            Lair (6/6) D:11
  Swamp (1/4) Lair:3        Snake (1/4) Lair:3        Slime (1/5) Lair:5
    Orc (0/2) D:9         Ossuary (visited)           IceCv (visited)
Volcano (visited)

Shops:
D:2 (   D:8 *   D:12 =

Annotations:
Swamp:1 Aizul


Innate Abilities, Weirdness & Mutations

You are a tree.
Your roots penetrate the ground, keeping you stationary.
You cannot be teleported.
You are immune to unholy pain and torment.
Your maximum health is greatly increased.
Your equipment is partially melded.
You have an increased reservoir of magic. (+10% MP)
You shall have no god before yourself.
Your divine heritage dramatically boosts your attributes as you level up.


Message History

The spriggan falls from its now dead mount.
Really quaff the potion of lignification?
You turn into a tree.
Your +2 cloak melds into your body.
Your +0 helmet melds into your body.
Your +1 pair of gloves melds into your body.
Your +2 pair of boots melds into your body.
Your +5 steam dragon scales melds into your body.
Your roots penetrate the ground.
* * * LOW HITPOINT WARNING * * *
You feel extremely sick. Aizul hits you.
* * * LOW HITPOINT WARNING * * *
The spriggan druid is engulfed in noxious fumes.
The spriggan druid appears confused.
Aizul hits you but does no damage.
The spriggan rider is engulfed in noxious fumes.
The spriggan rider appears confused.
The spriggan druid is engulfed in noxious fumes.
The spriggan is engulfed in noxious fumes.
Fire: a) +4 arbalest (flame)
Press: ? - help, Q - select action, (/) - cycle Shift-Dir - straight line, f/p - Aizul
Aim: Aizul (moderately wounded)
You shoot a bolt. The bolt barely misses Aizul.
* * * LOW HITPOINT WARNING * * *
You feel extremely sick.
Aizul coils herself and waves her upper body at you.
The bolt of poison hits you.
You are more poisoned.
You resist.
* * * LOW HITPOINT WARNING * * *
The spriggan is engulfed in noxious fumes.
The spriggan appears confused.
The spriggan hits itself with a +0 dagger!
The swamp drake breathes poison at you.
The noxious blast engulfs you but does no damage.
You are more poisoned.
You resist.
The spriggan druid is engulfed in noxious fumes.
The spriggan druid appears confused.
The spriggan druid hits you with a +0 quarterstaff.
You die...

♣♣.♣≈≈≈≈≈≈♣.≈≈ ......
♣..≈§§≈≈....≈≈ ...≈.≈
♣♣♣.≈≈♣≈≈.§≈≈≈♣≈ .≈†.≈.
♣♣.♣.≈≈≈≈≈.♣≈≈≈≈≈
.≈°≈°♣♣.≈≈.≈≈≈♣.♣.♣...♣
♣ik°°.......≈..≈.....≈ .
♣i°i○≈○.>≈≈≈≈≈≈....§≈
♣≈≈≈♣i°°i○≈§...≈≈≈≈♣≈.§≈
≈≈≈≈≈≈S♣○§.≈♣♣....≈≈§≈♣≈
≈≈≈≈≈♣○♣○○.♣♣♣♣♣♣♣♣...≈≈
≈≈≈ ♣♣♣♣○♣♣ ♣♣♣♣♣≈ ≈
♣.♣♣ ♣♣ ♣♣.♣ ♣.♣♣ ♣♣♣


You could see Aizul, a spriggan rider (confused, poisoned), 2 spriggan druids, a
swamp drake (catching breath) and 2 spriggans.

Vanquished Creatures
  Jorgrun (Swamp:1)
  Rupert (D:12)
  Mlioglotl (Swamp:1)
  Louise (Swamp:1)
  2 reapers (IceCv)
  Nessos (Lair:4)
  A very ugly thing (IceCv)
  Erolcha (D:10)
  3 catoblepae (Lair:6)
  4 caustic shrike simulacra (IceCv)
  A naga warrior (Snake:1)
  7 hydras
  2 anacondas (Snake:1)
  A two-headed ogre (D:10)
  3 death yaks (Lair:6)
  Urug (Lair:4)
  2 naga sharpshooters (Snake:1)
  A hell knight (Volcano)
  Amaemon (Lair:3)
  4 goliath frogs (Swamp:1)
  A salamander mystic (Volcano)
  A spriggan simulacrum (IceCv)
  4 bog bodies
  2 obsidian statues (IceCv)
  4 oklob plants (Lair:5)
  2 cyclopes (D:12)
  A will-o-the-wisp (Swamp:1)
  5 salamanders
  2 manticores (Lair:6)
  6 black mambas
  A naga mage (Snake:1)
  A gargoyle (D:12)
  2 torpor snails
  2 molten gargoyles (Volcano)
  Maggie (D:7)
  An orange demon (Lair:3)
  11 cane toads
  A kobold demonologist (D:11)
  6 komodo dragons
  3 rime drakes
  5 freezing wraiths (IceCv)
  An unseen horror (D:12)
  2 golden dragon simulacra (IceCv)
  A troll (D:11)
  2 hornets
  2 polar bears
  7 blink frogs
  2 shadows
  5 wyverns
  A wraith (D:11)
  A dire elephant simulacrum (IceCv)
  A spriggan (Swamp:1)
  47 yaks
  2 fire bats (Lair:3)
  Grum (D:11)
  2 basilisks
  7 vampire mosquitoes
  A harpy simulacrum (IceCv)
  10 nagas (Snake:1)
  9 swamp worms
  26 water moccasins
  Duvessa (D:7)
  4 acid dragons
  2 hydra simulacra (IceCv)
  3 swamp drakes
  2 black bears (Lair:1)
  2 ettin simulacra (IceCv)
  3 ice beasts
  6 orc warriors
  2 ogres
  2 centaurs
  12 wolves
  3 phantoms
  3 kobold brigands
  2 elf zombies (Ossuary)
  15 bullfrogs
  A deep troll simulacrum (IceCv)
  A gnoll sergeant (D:12)
  2 scorpions
  3 wights (D:7)
  Dowan (D:7)
  22 killer bees
  7 howler monkeys
  9 electric eels
  5 lava snakes
  7 orc priests
  A centaur zombie (Ossuary)
  5 hounds
  A bouda (D:5)
  An iguana (D:4)
  11 orc wizards
  7 hell rats (Lair:5)
  2 mummies (Ossuary)
  Robin (D:2)
  9 gnolls
  13 adders
  12 river rats (D:6)
  2 white imps
  An ufetubus (D:5)
  2 worms
  2 dart slugs (D:1)
  25 orcs
  8 endoplasms
  4 giant cockroaches
  20 goblins
  9 hobgoblins
  2 jackals (D:5)
  8 kobolds
  12 quokkas
  12 ball pythons
  8 bats
  5 frilled lizards
  2 gnoll zombies (Ossuary)
  A goblin zombie (Ossuary)
  3 hobgoblin zombies (Ossuary)
  5 orc zombies (Ossuary)
  12 rats
  A butterfly (Lair:5)
558 creatures vanquished.

Vanquished Creatures (others)
  A bloated husk (Swamp:1)
  A hornet (Swamp:1)
  A spriggan (Swamp:1)
  A howler monkey simulacrum (D:11)
  An orc (D:9)
  14 foxfires (Swamp:1)
  21 fungi
  24 plants
  4 starspawn tentacles (Swamp:1)
68 creatures vanquished.

Grand Total: 626 creatures vanquished

Notes
Turn   | Place    | Note
-------+----------+-------------------------------------------
     0 | D:1      | avis the Demigod Ice Elementalist began the quest for the
                  | Orb.
     0 | D:1      | Reached XP level 1. HP: 14/14 MP: 5/5
   169 | D:1      | Reached skill level 1 in Fighting
   441 | D:1      | Reached XP level 2. HP: 23/23 MP: 4/7
  1630 | D:2      | Reached XP level 3. HP: 24/29 MP: 8/8
  1641 | D:2      | Learned a level 3 spell: Ozocubu's Armour
  1789 | D:2      | Noticed Robin
  1822 | D:2      | Killed Robin
  2454 | D:2      | Found Qesesiq's Weapon Shop.
  2632 | D:2      | Reached XP level 4. HP: 36/36 MP: 7/9
  3428 | D:3      | Reached skill level 5 in Ice Magic
  3436 | D:3      | Reached skill level 1 in Ranged Weapons
  3871 | D:4      | Reached XP level 5. HP: 22/41 MP: 3/10
  3878 | D:4      | Reached skill level 2 in Ranged Weapons
  3948 | D:4      | Found a sand-covered staircase.
  3953 | Ossuary  | Entered an ossuary
  4268 | Ossuary  | Reached skill level 3 in Ranged Weapons
  4268 | Ossuary  | Reached XP level 6. HP: 19/48 MP: 9/13
  4843 | D:4      | Found a staircase to the Ecumenical Temple.
  4862 | Temple   | Entered the Ecumenical Temple
  4916 | D:4      | Reached skill level 4 in Ranged Weapons
  5254 | D:4      | Found a transporter.
  5304 | D:4      | Reached skill level 5 in Ranged Weapons
  5304 | D:4      | Reached XP level 7. HP: 55/55 MP: 14/14
  5322 | D:4      | Found a transporter.
  5638 | D:5      | Entered Level 5 of the Dungeon
  6883 | D:5      | Reached skill level 6 in Ranged Weapons
  7571 | D:5      | Learned a level 2 spell: Blink
  7575 | D:5      | Learned a level 3 spell: Frozen Ramparts
  7671 | D:5      | Reached XP level 8. HP: 63/67 MP: 11/15
  7987 | D:5      | Reached skill level 5 in Fighting
  8707 | D:6      | Reached skill level 1 in Translocations
  9512 | D:6      | Reached skill level 7 in Ranged Weapons
 10206 | D:7      | Noticed Duvessa
 10207 | D:7      | Noticed Dowan
 10218 | D:7      | Killed Duvessa
 10360 | D:7      | Killed Dowan
 10361 | D:7      | Reached XP level 9. HP: 29/74 MP: 6/16
 10748 | D:7      | Reached skill level 8 in Ranged Weapons
 11287 | D:7      | Noticed Maggie
 11310 | D:7      | Killed Maggie
 11311 | D:7      | Reached skill level 5 in Spellcasting
 12808 | D:8      | Paralysed by a hornet for 3 turns
 13089 | D:8      | Found Ufihin's Assorted Antiques.
 14085 | D:9      | Reached XP level 10. HP: 64/83 MP: 15/22
 14648 | D:9      | Reached skill level 9 in Ranged Weapons
 14676 | D:9      | Found a staircase to the Orcish Mines.
 15065 | D:10     | Entered Level 10 of the Dungeon
 15693 | D:10     | Noticed a two-headed ogre
 15704 | D:10     | Killed a two-headed ogre
 15705 | D:10     | Reached skill level 10 in Ranged Weapons
 16082 | D:10     | Noticed Erolcha
 16100 | D:10     | Killed Erolcha
 17197 | D:11     | Reached skill level 11 in Ranged Weapons
 17390 | D:11     | Found a staircase to the Lair.
 17535 | D:11     | Reached XP level 11. HP: 89/92 MP: 20/24
 17613 | D:11     | Noticed a six-headed hydra
 17646 | D:11     | Killed a six-headed hydra
 17880 | D:11     | Noticed a deep elf pyromancer
 17908 | D:11     | Noticed Grum
 17927 | D:11     | Killed Grum
 18054 | D:11     | Noticed a catoblepas
 18079 | D:11     | Noticed a boulder beetle
 18320 | D:11     | Noticed a centaur warrior
 18485 | Lair:1   | Entered Level 1 of the Lair of Beasts
 18640 | Lair:1   | Reached skill level 12 in Ranged Weapons
 19382 | Lair:1   | Reached skill level 13 in Ranged Weapons
 19605 | Lair:1   | Upgraded the game from 0.29-a0-775-g4d7333d4e2 to
                  | 0.29-a0-789-g7a8fcbc185
 20482 | Lair:2   | Reached skill level 14 in Ranged Weapons
 20796 | Lair:2   | Noticed an eight-headed hydra
 20804 | Lair:2   | Killed an eight-headed hydra
 20849 | Lair:2   | Noticed a four-headed hydra
 20857 | Lair:2   | Killed a four-headed hydra
 21131 | Lair:2   | Identified a scroll of acquirement
 21131 | Lair:2   | Acquired 849 gold pieces
 21398 | Lair:3   | Noticed a bog body
 21401 | Lair:3   | Noticed a bog body
 21403 | Lair:3   | Killed a bog body
 21404 | Lair:3   | Reached XP level 12. HP: 83/101 MP: 22/25
 21573 | Lair:3   | Found a staircase to the Swamp.
 21798 | Lair:3   | Noticed Amaemon
 21811 | Lair:3   | Killed Amaemon
 21812 | Lair:3   | Reached skill level 15 in Ranged Weapons
 22281 | Lair:3   | Found a staircase to the Snake Pit.
 22834 | Lair:4   | Found a dark tunnel.
 22843 | Volcano  | Entered a volcano
 22982 | Volcano  | Reached skill level 16 in Ranged Weapons
 23444 | Lair:4   | Noticed Urug
 23447 | Lair:4   | Noticed a six-headed hydra
 23451 | Lair:4   | Killed a six-headed hydra
 23454 | Lair:4   | Killed Urug
 23545 | Lair:4   | Noticed Nessos
 23599 | Lair:4   | Killed Nessos
 24208 | Lair:5   | Reached XP level 13. HP: 107/107 MP: 26/26
 24258 | Lair:5   | Reached skill level 17 in Ranged Weapons
 24443 | Lair:5   | Found a staircase to the Slime Pits.
 25498 | Lair:6   | Entered Level 6 of the Lair of Beasts
 25555 | Slime:1  | Entered Level 1 of the Pits of Slime
 25555 | Slime:1  | Noticed a quicksilver ooze
 25908 | Lair:6   | Reached skill level 18 in Ranged Weapons
 27344 | D:12     | Reached skill level 10 in Fighting
 27523 | D:12     | Found Maimuaf's Jewellery Shop.
 27732 | D:12     | Noticed Rupert
 27738 | D:12     | Paralysed by Rupert for 2 turns
 27749 | D:12     | Killed Rupert
 28402 | D:12     | Bought the ring of Jilahik {Ice SInv} for 506 gold pieces
 28605 | Snake:1  | Entered Level 1 of the Snake Pit
 28779 | Snake:1  | Found a frozen archway.
 28783 | IceCv    | Entered an ice cave
 29063 | IceCv    | Reached XP level 14. HP: 121/121 MP: 24/27
 29883 | IceCv    | Reached skill level 19 in Ranged Weapons
 29937 | IceCv    | Noticed a reaper
 29937 | IceCv    | Noticed a reaper
 29944 | IceCv    | Killed a reaper
 29956 | IceCv    | Killed a reaper
 31271 | D:12     | Bought an amulet of regeneration for 420 gold pieces
 31516 | Swamp:1  | Entered Level 1 of the Swamp
 31791 | Swamp:1  | Noticed Jorgrun
 31808 | Swamp:1  | Killed Jorgrun
 31902 | Swamp:1  | Noticed Mlioglotl
 31904 | Swamp:1  | Noticed a tentacled starspawn
 31966 | Swamp:1  | Killed Mlioglotl
 32219 | Swamp:1  | Noticed Louise
 32224 | Swamp:1  | Noticed Aizul
 32233 | Swamp:1  | Killed Louise
 32238 | Swamp:1  | HP: 6/181 [poisoned by Aizul (bolt of poison)]
 32238 | Swamp:1  | Slain by a spriggan druid

Illustrated notes

Levels and vault maps discovered:
D:1:      lemuel_arrival_lava_pool, layout_basic
D:2:      layout_loops_ring, serial_shops, nicolae_shop_bloodbath_and_beyond,
          basic_altar, shapermc_ecumenical_altar_totnotflames,
          minmay_tiny_reverse_x, uniq_robin
D:3:      layout_basic, mainiacjoe_overflow_alcove_2, elyvilon_altar_5,
          kennysheep_generic_room_9
D:4:      gammafunk_steamed_eel, layout_basic, minmay_temple_entry_offerings,
          nicolae_ossuary_entry_ruins
D:5:      layout_basic
D:6:      lemuel_ratsnest, layout_basic
D:7:      layout_gridville, minmay_misc_feat_roman, uniq_maggie, uniq_duvessa
D:8:      layout_basic, serial_shops, shop
D:9:      layout_small_grid, kiku_gazebo_pond_becter, david_orc_4
D:10:     layout_long_grid, lemuel_doored_altar,
          mainiacjoe_overflow_large_starburst, uniq_erolcha
D:11:     layout_basic, erik_lair_dragon, minivault_12, uniq_grum
D:12:     layout_grid_maze, serial_shops, nicolae_shop_crystal,
          hangedman_feature_mirror, zin_statuary, uniq_rupert
Temple:   eino_temple_rhombus
Lair:1:   layout_loops_ring, grunt_megastairs_1
Lair:2:   layout_gridlike
Lair:3:   layout_gridlike, nicolae_swamp_entry_splash_gauntlet, serial_bayou,
          serial_bayou_ford_a, serial_bayou_pond_e, serial_bayou_shore_b,
          serial_bayou_pond_d, uniq_amaemon
Lair:4:   layout_hall_layers, nicolae_volcano_entry_lava_flow, uniq_nessos,
          uniq_urug
Lair:5:   layout_cave_pods, minmay_slime_entry_oklob_open, basic_altar,
          lemuel_fruit_fields
Lair:6:   evilmike_catoblepas_cave, layout_cave_pods, infiniplex_staircase_pool
Swamp:1:  layout_falls_marsh, nicolae_swamp_trees_clearing, swamp_pool2,
          nicolae_swamp_hydra_murder_den, uniq_mlioglotl, uniq_jorgrun,
          uniq_louise, uniq_aizul
Snake:1:  layout_grid_maze, portal_ice_cave_entry_pillars_three
Slime:1:  layout_caves

Skill      XL: |  1  2  3  4  5  6  7  8  9 10 11 12 13 14 |
---------------+-------------------------------------------+-----
Fighting       | 1 2 4 5 6 7 8 10 | 10.0
Spellcasting   | 2 3 6 |  6.0
Ice Magic      | 4 5 6 8 |  8.4
Ranged Weapons | 1 3 5 6 7 8 11 14 16 18 19 | 19.6
Stealth        | 3 |  3.0
Dodging        | 3 |  3.0
Translocations | 3 |  3.0

Action                   |  1- 3 |  4- 6 |  7- 9 | 10-12 | 13-15 || total
-------------------------+-------+-------+-------+-------+-------++-------
Melee: Unarmed           |     6 |       |       |       |       ||     6
       Long sword        |    58 |    40 |       |     1 |       ||    99
 Fire: Sling             |    37 |   239 |   483 |   162 |       ||   921
       Shortbow          |       |       |       |   391 |       ||   391
       Arbalest          |       |       |       |   226 |   253 ||   479
       Longbow           |       |       |       |       |   378 ||   378
 Cast: Freeze            |    40 |    26 |    87 |    63 |     7 ||   223
       Ozocubu's Armour  |     1 |     5 |    48 |    78 |    78 ||   210
       Blink             |       |       |     3 |       |     1 ||     4
       Frozen Ramparts   |       |       |     1 |     8 |       ||     9
Evoke: Wand              |       |       |       |     8 |       ||     8
  Use: Potion            |     4 |       |     5 |     1 |    15 ||    25
       Scroll            |       |     4 |     8 |    22 |     2 ||    36
 Stab: Sleeping          |     1 |       |       |       |       ||     1
Armor: Robe              |    34 |    76 |    68 |       |       ||   178
       Skin              |    25 |       |       |       |     1 ||    26
       Steam dragon scal |       |       |    76 |   335 |   221 ||   632
       Leather armour    |       |       |    16 |       |       ||    16
Dodge: Dodged            |    60 |    94 |   353 |   424 |   218 ||  1149
Block: Other             |       |       |       |    30 |    57 ||    87
       Reflection        |       |       |       |     1 |     3 ||     4

Table legend: (Time is in decaauts)
 A = Elapsed time spent in this place.
 B = Non-inter-level travel time spent in this place.
 C = Inter-level travel time spent in this place.
 D = Time resting spent in this place.
 E = Time spent auto-exploring this place.
 F = Levels seen in this place.
 G = Mean time per level.
                   A        B        C        D        E       F      G
               +--------+--------+--------+--------+--------+-----+--------+
         Total |  32368 |  29075 |   3293 |  11364 |  11468 |  25 | 1294.7 |
       Dungeon |  19308 |  17231 |   2077 |   6819 |   7187 |  12 | 1609.0 |
        Temple |    143 |    143 |      0 |    100 |      0 |   1 |  143.0 |
          Lair |   8412 |   7252 |   1160 |   2152 |   3584 |   6 | 1402.0 |
         Swamp |    614 |    614 |      0 |    147 |    242 |   1 |  614.0 |
     Snake Pit |    960 |    905 |     55 |    191 |    455 |   1 |  960.0 |
    Slime Pits |      1 |      1 |      0 |      0 |      0 |   1 |    1.0 |
       Ossuary |    860 |    860 |      0 |    581 |      0 |   1 |  860.0 |
      Ice Cave |   1524 |   1524 |      0 |   1102 |      0 |   1 | 1524.0 |
       Volcano |    543 |    543 |      0 |    271 |      0 |   1 |  543.0 |
               +--------+--------+--------+--------+--------+-----+--------+

Top non-repeatable levels by time:
    D:11: 2315 daAuts
     D:4: 2185 daAuts
     D:6: 1921 daAuts
     D:9: 1803 daAuts
     D:5: 1767 daAuts
     D:7: 1760 daAuts
  Lair:2: 1735 daAuts
  Lair:3: 1677 daAuts
   IceCv: 1524 daAuts
     D:2: 1521 daAuts
  Lair:5: 1445 daAuts
     D:1: 1444 daAuts
  Lair:1: 1410 daAuts
    D:10: 1308 daAuts
     D:8: 1280 daAuts
